 Dungeon Crawl Stone Soup version 0.26-a0-852-g6321bf7485 (webtiles) character file.

Game seed: 11147158889181645472

14 Spectrina the Sneak (level 2, 0/25 HPs)
             Began as a Demigod Delver on Nov 21, 2020.
             Succumbed to an adder's poison
             ... on level 4 of the Dungeon.
             The game lasted 00:03:58 (394 turns).

Spectrina the Sneak (Demigod Delver)                 Turns: 394, Time: 00:03:58

Health: 0/25       AC:  3    Str: 15    XL:     2   Next: 18%
Magic:  4/4        EV: 12    Int: 14    God:
Gold:   44         SH:  0    Dex: 17    Spells: 1/1 levels left

rFire    . . .     SeeInvis .   a - +0 mace
rCold    . . .     Faith    .   (no shield)
rNeg     . . .     Spirit   .   b - +0 leather armour
rPois    .         Reflect  .   (no helmet)
rElec    .         Harm     .   (no cloak)
rCorr    .         Rampage  .   (no gloves)
MR       .....                  (no boots)
Stlth    +++.......             (no amulet)
HPRegen  0.08/turn              i - ring of flight
MPRegen  0.09/turn              (no ring)

@: lethally poisoned (0 -> -2), very slightly contaminated, invisible
A: high mp 1
a: Evoke Flight


You were on level 4 of the Dungeon.
You visited 1 branch of the dungeon, and saw 2 of its levels.

You collected 44 gold pieces.

Inventory:

Hand Weapons
 a - a +0 mace (weapon)
Missiles
 h - 21 arrows
Armour
 b - a +0 leather armour (worn)
Jewellery
 i - a ring of flight (left hand)
Wands
 g - a wand of digging (3)
Scrolls
 c - a scroll of fog
 d - a scroll of magic mapping
 k - a scroll of immolation {unknown}
Potions
 f - a potion of haste


   Skills:
 - Level 2.6 Fighting
 - Level 1.7(2.2) Maces & Flails
 + Level 1.8(2.2) Staves
 - Level 1.7 Dodging
 - Level 4.5 Stealth


You had one spell level left.
You didn't know any spells.
Your spell library was empty.

Dungeon Overview and Level Annotations

Branches:
Dungeon (5/15)
 Temple: D:4-7

Shops:
D:4 :


Innate Abilities, Weirdness & Mutations

You have an increased reservoir of magic. (+10% MP)


Message History

Found 9 gold pieces.
Unknown command.
* * * LOW HITPOINT WARNING * * *
You feel sick.
There is an open door here.
You close the door.
Okay, then.
* * * LOW HITPOINT WARNING * * *
You feel sick.
You see here 9 gold pieces.
You now have 44 gold pieces (gained 9).
* * * LOW HITPOINT WARNING * * *
You feel sick.
You open the door.
There is an open door here.
* * * LOW HITPOINT WARNING * * *
You feel sick.
You open the door.
There is an open door here.
You die...

............#......#......#
............+......#......#
...∩........#......#......#
#...####.####......#.######
#...####+#.......###'##...#
....#....#.......#........#
....#....#.......#........#
....+....#.......'........#
....#...h#......@#........#
##########.......#...######
...########### .... ...


There were no monsters in sight!

Vanquished Creatures
  A howler monkey skeleton (D:4)
  2 orcs (D:4)
  A giant cockroach zombie (D:5)
  A quokka skeleton (D:5)
5 creatures vanquished.

Notes
Turn   | Place    | Note
-------+----------+-------------------------------------------
     0 | D:5      | Spectrina the Demigod Delver began the quest for the Orb.
     0 | D:5      | Reached XP level 1. HP: 18/18 MP: 3/3
     1 | D:5      | Noticed a scorpion
    77 | D:5      | Noticed an orc wizard
   145 | D:4      | Found Xeunolu's Book Shop.
   164 | D:4      | Reached skill level 1 in Staves
   164 | D:4      | Reached XP level 2. HP: 23/25 MP: 4/4
   390 | D:4      | HP: 1/25 [poisoned by an adder]
   394 | D:4      | Succumbed to an adder's poison

Illustrated notes

Levels and vault maps discovered:
D:4:      layout_gridville, serial_shops, shop, shop, shop
D:5:      layout_rooms, trog_eyes_of_draining, enter_ossuary_3,
          minmay_shop_grid_forest, hex_tiny, minmay_misc_feat_iff, st_stairs_10,
          minmay_manual_maat, uniq_ijyb

Skill      XL: |  1 |
---------------+----+-----
Staves         | 1 |  1.8
Fighting       | |  2.6
Maces & Flails | |  1.7
Dodging        | |  1.7
Stealth        | |  4.5

Action                   || total
-------------------------++-------
Melee: Mace              ||    35
  Use: Scroll            ||     2
       Potion            ||     1
 Stab: Sleeping          ||     1
Armor: Leather armour    ||    11
Dodge: Dodged            ||    20

Table legend: (Time is in decaauts)
 A = Elapsed time spent in this place.
 B = Non-inter-level travel time spent in this place.
 C = Inter-level travel time spent in this place.
 D = Time resting spent in this place.
 E = Time spent auto-exploring this place.
 F = Levels seen in this place.
 G = Mean time per level.
                   A        B        C        D        E       F      G
               +--------+--------+--------+--------+--------+-----+--------+
         Total |    404 |    404 |      0 |      0 |      0 |   2 |  202.0 |
       Dungeon |    404 |    404 |      0 |      0 |      0 |   2 |  202.0 |
               +--------+--------+--------+--------+--------+-----+--------+

Top non-repeatable levels by time:
     D:4: 280 daAuts
     D:5: 124 daAuts
